 Dungeon Crawl Stone Soup version 0.26-a0-478-g6c97825307 (webtiles) character file.

Game seed: 2614326618033868409

255 ReteAZ the Covert (level 6, 0/35 HPs)
             Began as a Kobold Brigand on Aug 1, 2020.
             Succumbed to a worker ant's poison
             ... on level 4 of the Dungeon.
             The game lasted 00:06:21 (3457 turns).

ReteAZ the Covert (Kobold Brigand)                  Turns: 3457, Time: 00:06:22

Health: 0/35       AC:  6    Str:  7 (10) XL:     6   Next: 38%
Magic:  6/6        EV: 13    Int: 10 (12) God:
Gold:   181        SH:  5    Dex: 14 (17) Spells: 5/5 levels left

rFire    . . .     SeeInvis .   a - +2 dagger
rCold    . . .     Faith    .   z - +0 buckler
rNeg     . . .     Spirit   .   k - +0 robe
rPois    .         Reflect  .   j - +0 helmet
rElec    .         Harm     .   c - +0 cloak
rCorr    .                      f - +1 pair of gloves
MR       .....                  (no boots)
Stlth    +++++.....             (no amulet)
HPRegen  0.11/turn              (no ring)
MPRegen  0.10/turn              (no ring)

@: lethally poisoned (0 -> -11), about to teleport, hasted, very quick
A: small, nightstalker 3
a: no special abilities


You were on level 4 of the Dungeon.
You visited 1 branch of the dungeon, and saw 4 of its levels.

You collected 181 gold pieces.

Inventory:

Hand Weapons
 a - a +2 dagger (weapon)
 b - a +0 rapier
 x - a +0 short sword
Missiles
 d - 10 poisoned darts (quivered)
 e - 2 curare-tipped darts
 o - 5 boomerangs of dispersal
 E - 7 boomerangs
Armour
 c - a +0 cloak (worn)
 f - a +1 pair of gloves (worn)
 j - a +0 helmet (worn)
 k - a +0 robe (worn)
 z - a +0 buckler (worn)
Jewellery
 B - an uncursed ring of flight {unknown}
 D - an uncursed ring of poison resistance {unknown}
Wands
 u - a wand of paralysis (6)
 C - a wand of polymorph (15)
Scrolls
 g - 2 scrolls of magic mapping {unknown}
 h - 4 scrolls of teleportation
 l - 3 scrolls of identify {unknown}
 p - a scroll of noise {unknown}
 r - a scroll of enchant weapon {unknown}
 t - a scroll of fear {unknown}
 w - a scroll of amnesia {unknown}
 y - a scroll of fog {unknown}
 A - a scroll of remove curse {unknown}


   Skills:
 - Level 2.1 Fighting
 - Level 2.6 Short Blades
 - Level 2.1 Throwing
 - Level 1.2 Dodging
 + Level 9.1 Stealth
 + Level 2.2 Shields


You had 5 spell levels left.
You didn't know any spells.
Your spell library was empty.

Dungeon Overview and Level Annotations

Branches:
Dungeon (4/15)
 Temple: D:4-7

Altars:
Uskayaw
Vehumet


Innate Abilities, Weirdness & Mutations

You are small and have problems with some larger weapons.
You are completely attuned to the shadows.


Message History

* * * LOW HITPOINT WARNING * * *
You feel sick. The iguana bites you.
* * * LOW HITPOINT WARNING * * *
* * * LOW HITPOINT WARNING * * *
You feel sick.
You aren't carrying any potions.
As you read the scroll labeled XIPUFR SYDUH, it crumbles to dust.
You feel strangely unstable.
It was a scroll of teleportation.
* * * LOW HITPOINT WARNING * * *
You feel sick.
You hit the iguana but do no damage.
The iguana is severely wounded.
The iguana bites you but does no damage.
You hit the iguana.
The iguana is severely wounded.
* * * LOW HITPOINT WARNING * * *
You feel sick.
You hit the iguana.
The iguana is almost dead.
You die...

...######....#####.#[#
...)o................#
...Z#############....#
....# ######## #.#..#
....# #......# #.#..#
....# #......# #.##.#
#......# #.##.##
.####......###.....###
#....'......al@.......#
#.###....(..#######...#
##.....####....# #...#
......## ###..## #...#
.#..##### ##..##
#.#.#.# #..#...# ##..#
#...#.# #.(...# ##.#
##..#.# #...###
#.####..#.# #..##
+.........#


You could see an iguana and a worker ant.

Vanquished Creatures
  A bullfrog skeleton (D:4)
  An iguana (D:4)
  2 orc wizards
  A worker ant (D:3)
  A hound skeleton (D:4)
  2 adders (D:2)
  An ooze (D:2)
  An adder skeleton (D:4)
  3 dart slugs (D:1)
  A worm (D:2)
  A leopard gecko (D:1)
  8 orcs
  3 giant cockroaches
  10 goblins
  4 hobgoblins
  2 jackals (D:3)
  8 kobolds
  2 quokkas
  A ball python (D:3)
  8 bats
  6 frilled lizards
  6 rats
73 creatures vanquished.

Notes
Turn   | Place    | Note
-------+----------+-------------------------------------------
     0 | D:1      | ReteAZ the Kobold Brigand began the quest for the Orb.
     0 | D:1      | Reached XP level 1. HP: 12/12 MP: 1/1
   187 | D:1      | Reached XP level 2. HP: 17/17 MP: 2/2
   200 | D:1      | Reached skill level 6 in Stealth
   459 | D:1      | Reached XP level 3. HP: 21/21 MP: 3/3
   830 | D:1      | Reached skill level 7 in Stealth
  1087 | D:2      | Reached XP level 4. HP: 26/26 MP: 4/4
  1641 | D:2      | Found a hide-covered altar of Uskayaw.
  1641 | D:2      | Noticed a +0 hand axe
  1641 | D:2      | Noticed a +0 hand axe
  1748 | D:2      | Reached skill level 8 in Stealth
  2255 | D:3      | Reached XP level 5. HP: 30/30 MP: 5/5
  2289 | D:3      | Reached skill level 1 in Shields
  2481 | D:4      | Found a radiant altar of Vehumet.
  2592 | D:3      | Reached XP level 6. HP: 6/35 MP: 6/6
  2941 | D:4      | Reached skill level 9 in Stealth
  3417 | D:4      | Noticed a phantom
  3456 | D:4      | HP: 1/35 [poisoned by a worker ant]
  3457 | D:4      | Succumbed to a worker ant's poison

Illustrated notes

Levels and vault maps discovered:
D:1:      lightli_arrival_statuegarden, layout_loops_corners,
          hangedman_abyss_or_decor_stabs, dk_noncrumbling_4, st_stairs_9
D:2:      layout_basic, dancing_weapons_uskayaw, minmay_hexomino_p4
D:3:      layout_loops_cross
D:4:      layout_basic, lemuel_round_altar, gammafunk_temple_overflow_claw,
          serial_rivers, chequers_serial_rivers_small_b,
          chequers_serial_rivers_micro_b, chequers_serial_rivers_small_b,
          chequers_serial_rivers_large_b, chequers_serial_rivers_micro_e,
          minmay_misc_feat_tiny, uniq_grinder

Skill      XL: |  1  2  3  4  5  6 |
---------------+-------------------+-----
Stealth        | 6 7 8 9 |  9.1
Shields        | 1 2 |  2.2
Fighting       | |  2.1
Short Blades   | |  2.6
Throwing       | |  2.1
Dodging        | |  1.2

Action                   |  1- 3 |  4- 6 || total
-------------------------+-------+-------++-------
Melee: Dagger            |    80 |   131 ||   211
       Rapier            |       |    23 ||    23
Throw: Dart              |       |     8 ||     8
       Boomerang         |       |     6 ||     6
  Use: Potion            |       |     7 ||     7
       Scroll            |       |     1 ||     1
 Stab: Sleeping          |    17 |    15 ||    32
       Distracted        |       |     2 ||     2
Armor: Robe              |    13 |    33 ||    46
       Skin              |       |     1 ||     1
Dodge: Dodged            |    56 |    81 ||   137
Block: Buckler           |       |    23 ||    23

Table legend: (Time is in decaauts)
 A = Elapsed time spent in this place.
 B = Non-inter-level travel time spent in this place.
 C = Inter-level travel time spent in this place.
 D = Time resting spent in this place.
 E = Time spent auto-exploring this place.
 F = Levels seen in this place.
 G = Mean time per level.
                   A        B        C        D        E       F      G
               +--------+--------+--------+--------+--------+-----+--------+
         Total |   3408 |   3324 |     84 |    803 |   1898 |   4 |  852.0 |
       Dungeon |   3408 |   3324 |     84 |    803 |   1898 |   4 |  852.0 |
               +--------+--------+--------+--------+--------+-----+--------+

Top non-repeatable levels by time:
     D:1: 1033 daAuts
     D:3: 975 daAuts
     D:2: 738 daAuts
     D:4: 661 daAuts
